 Dungeon Crawl Stone Soup version 0.32-a0-314-g526f7d4993 (webtiles) character file.

Game seed: 14711315739647584752

3573 seren the Cleaver (level 9, -4/81 HPs)
             Began as a Mountain Dwarf Fighter on Feb 15, 2024.
             Slain by an orc wizard
             ... wielding a +0 dagger of electrocution
              (10 damage)
             ... on level 8 of the Dungeon.
             The game lasted 00:15:37 (7260 turns).

seren the Cleaver (Mountain Dwarf Fighter)          Turns: 7260, Time: 00:15:37

Health: -4/81      AC: 12    Str: 20 (21) XL:     9   Next: 84%
Magic:  9/9        EV:  8    Int:  6 (9)  God:
Gold:   510        SH: 11    Dex: 14 (15) Spells: 8/8 levels left

rFire   . . .        a - +0 war axe
rCold   . . .        v - +5 buckler "Icinulihyf" {+Inv Regen+ Dex+4}
rNeg    . . .        j - +0 chain mail
rPois   .            (no helmet)
rElec   .            (no cloak)
rCorr   +            t - +0 pair of gloves
SInv    .            (no boots)
Will    .....        c - amulet of the acrobat Stlth
                     r - ring of resist corrosion
HPRegen 1.13/turn    (no ring)
MPRegen 0.11/turn

%: acrobat
@: on berserk cooldown, slowed, very slow
A: runic magic, artefact enchanting
a: Evoke Invisibility


You were on level 8 of the Dungeon.
You visited 2 branches of the dungeon, and saw 9 of its levels.

You collected 510 gold pieces.

Inventory:

Hand Weapons
 a - a +0 war axe (weapon)
 b - a +0 sling of draining
 K - the +0 mace of Yrinorch {heavy, Will+ Dex+6}
   (You found it on level 7 of the Dungeon)

   Dex+6:     It affects your dexterity (+6).
   Will+:     It increases your willpower.
Missiles
 m - 18 poisoned darts (quivered)
 A - 5 javelins
 H - a boomerang
Armour
 j - a +0 chain mail (worn)
 t - a +0 pair of gloves (worn)
 v - the +5 buckler "Icinulihyf" (worn) {+Inv Regen+ Dex+4}
   (You found it on level 4 of the Dungeon)

   Dex+4:     It affects your dexterity (+4).
   +Inv:      It lets you turn invisible.
   Regen+:    It increases your rate of health regeneration.
 C - the +0 leather armour of Indomitability {Rampage rPois Dex-3 Slay+4}
   (You took it off an orc on level 5 of the Dungeon)

   Dex-3:     It affects your dexterity (-3).
   Slay+4:    It affects your accuracy & damage with ranged weapons and melee
   (+4).
   rPois:     It protects you from poison Rampage: It bestows one free step when
   moving towards enemies.
Jewellery
 c - an amulet of the acrobat (around neck)
 p - a ring of fire
 r - a ring of resist corrosion (left hand)
 u - a ring of magical power
 D - a ring of flight
Wands
 w - a wand of digging (5)
 y - a wand of paralysis (29)
 E - a wand of flame (20)
 G - a wand of iceblast (13)
Scrolls
 f - 2 scrolls of teleportation {!r}
 g - 3 scrolls of fear
 h - 2 scrolls of poison
 i - 2 scrolls of immolation {unknown}
 n - a scroll of enchant weapon {unknown}
 o - 2 scrolls of torment {unknown}
 q - a scroll of noise {unknown}
 x - 6 scrolls of identify {unknown}
 F - 2 scrolls of enchant armour {unknown}
 M - 3 scrolls of summoning {unknown}
 N - a scroll of vulnerability {unknown}
Potions
 d - a potion of might
 e - 2 potions of attraction {unknown}
 k - a potion of resistance {unknown}
 l - a potion of ambrosia {unknown}
 s - a potion of cancellation {unknown}
 z - 2 potions of mutation {unknown}
 B - 2 potions of curing {unknown}
 I - 2 potions of berserk rage
 J - a potion of heal wounds {unknown}
 L - a potion of invisibility {unknown}


   Skills:
 + Level 8.1 Fighting
 + Level 8.4 Axes
 + Level 8.0 Armour
 + Level 8.0 Shields
 - Level 5.0 Evocations


You had 8 spell levels left.
You didn't know any spells.
Your spell library contained the following spells:

 Spells                   Type           Power      Damage    Failure   Level
 Foxfire                  Conj/Fire      0%         2x1d4     67%         1
 Sandblast                Erth           0%         2d4       67%         1
 Passwall                 Erth           0%         N/A       95%         3
 Stone Arrow              Conj/Erth      0%         3d7       95%         3
 Brom's Barrelling Bould  Conj/Erth      0%         2d3       100%        4
 Manifold Assault         Tloc           0%         N/A       100%        4
 Dispersal                Tloc           0%         N/A       100%        6
 Plasma Beam              Fire/Air       0%         2x1d10    100%        6
 Starburst                Conj/Fire      0%         6d3       100%        6
 Disjunction              Tloc           0%         N/A       100%        8


Dungeon Overview and Level Annotations

Branches:
Dungeon (8/15)             Temple (1/1) D:5
   Lair: D:8-11

Altars:
Ashenzari
Cheibriados
Dithmenos
Elyvilon
Fedhas
Gozag
Hepliaklqana
Kikubaaqudgha
Makhleb
Nemelex Xobeh
Okawaru
Ru
Sif Muna
Trog
Uskayaw
Vehumet
Zin
The Shining One

Shops:
D:2 :   D:8 (

Annotations:
D:5 1 runed translucent door, Crazy Yiuf


Innate Abilities, Weirdness & Mutations

Your spellcasting is much less encumbered by armour.
You can use scrolls of enchantment on lesser artefacts.


Message History

You hit something. You closely miss the orc wizard.
A steam dragon comes into view.
The orc wizard hits you but does no damage.
Something hits you but does no damage.
The two-headed ogre hits you with a +0 giant club.
The two-headed ogre hits you with a +0 giant club!
You hear some strange, mumbled words.
A magic dart appears from out of thin air!
The magic dart hits you.
* * * LOW HITPOINT WARNING * * *
You block the orc wizard's attack. The orc hits you but does no damage.
You barely miss the two-headed ogre.
The two-headed ogre is lightly wounded.
The steam dragon hisses angrily.
You hit something but do no damage. You closely miss the orc wizard.
You barely miss the orc. The steam dragon breathes steam at you.
The ball of steam hits the orc.
The ball of steam misses you.
The orc is engulfed in a cloud of scalding steam.
The orc hits you but does no damage. You block the orc wizard's attack.
You block something's attack.
The two-headed ogre hits you with a +0 giant club!
* * * LOW HITPOINT WARNING * * *
The two-headed ogre hits you with a +0 giant club!
* * * LOW HITPOINT WARNING * * *
Something hits you but does no damage.
The orc wizard hits you but does no damage.
The orc is engulfed in a cloud of scalding steam.
The orc dies!
You hit the two-headed ogre.
The two-headed ogre is moderately wounded.
You hit something but do no damage. You closely miss the orc wizard.
You are engulfed in a cloud of scalding steam.
* * * LOW HITPOINT WARNING * * *
The two-headed ogre hits you with a +0 giant club!
* * * LOW HITPOINT WARNING * * *
The two-headed ogre hits you with a +0 giant club.
* * * LOW HITPOINT WARNING * * *
Something hits you but does no damage.
You are electrocuted!
You die...

....##.#######†####
.... #.# #..# ....
..# #.## .... ...
###.##### .... #..
#.......#
#.#.##....#
#...##...§#
##...#.{§§#
#.#...O@.# # #
###.o§.# .
.......§..# .
.#.###D..=# .
#..§.# . .....# .
....... . .........
. ..........


You could see a two-headed ogre, a steam dragon (catching breath) and an orc
wizard.

Vanquished Creatures
  A wyvern (D:8)
  A steam dragon (D:8)
  Menkaure (D:4)
  A water moccasin (D:8)
  A sky beast (D:7)
  2 ice beasts (D:6)
  3 ogres (D:5)
  A black bear (D:6)
  2 phantoms
  A kobold brigand (D:8)
  Blork the orc (D:5)
  3 bullfrogs
  2 scorpions
  4 wights (D:5)
  11 killer bees
  A howler monkey (D:7)
  2 jellies
  3 orc priests
  A bombardier beetle (D:5)
  A gnoll bouda (D:6)
  4 hounds
  2 iguanas (D:5)
  A sleepcap (D:5)
  Terence (D:2)
  Ijyb (D:5)
  11 orc wizards
  Robin (D:3)
  10 gnolls
  9 adders
  A shadow imp (D:6)
  2 white imps
  2 dart slugs
  3 ribbon worms
  28 orcs
  9 ball pythons
  4 endoplasms
  3 giant cockroaches
  8 hobgoblins
  3 jackals (D:1)
  8 kobolds
  4 quokkas
  4 bats
  A frilled lizard (D:3)
  10 goblins
  3 rats
176 creatures vanquished.

Vanquished Creatures (others)
  A human (D:3)
  An orc (D:8)
2 creatures vanquished.

Grand Total: 178 creatures vanquished

Notes
Turn   | Place    | Note
-------+----------+-------------------------------------------
     0 | D:1      | seren the Mountain Dwarf Fighter began the quest for the
                  | Orb.
     0 | D:1      | Reached XP level 1. HP: 19/19 MP: 1/1
    75 | D:1      | Reached XP level 2. HP: 23/26 MP: 2/2
   145 | D:1      | Found a faded altar of an unknown god.
   196 | D:1      | You fall into a shaft and drop 1 floor!
   196 | D:2      | Found a blossoming altar of Fedhas.
   380 | D:2      | Reached XP level 3. HP: 29/33 MP: 3/3
   397 | D:2      | Noticed Terence
   408 | D:2      | Killed Terence
   513 | D:2      | Found Qitol's Book Boutique.
   689 | D:1      | Reached XP level 4. HP: 40/40 MP: 4/4
  1758 | D:3      | Reached XP level 5. HP: 31/47 MP: 5/5
  2450 | D:3      | Found an ancient bone altar of Kikubaaqudgha.
  2451 | D:3      | Noticed a human
  2455 | D:3      | Killed a human
  2599 | D:3      | Found a radiant altar of Vehumet.
  2679 | D:3      | Noticed Robin
  2696 | D:3      | Killed Robin
  2886 | D:4      | Reached XP level 6. HP: 53/53 MP: 6/6
  3167 | D:4      | Reached skill level 5 in Fighting
  3167 | D:4      | Reached skill level 5 in Armour
  3171 | D:4      | Reached skill level 5 in Shields
  3373 | D:4      | Identified the +5 buckler "Icinulihyf" {+Inv Regen+ Dex+4}
  3544 | D:4      | Noticed Menkaure
  3558 | D:4      | Killed Menkaure
  3559 | D:4      | Reached skill level 1 in Evocations
  3559 | D:4      | Reached XP level 7. HP: 54/61 MP: 7/7
  3580 | D:4      | Reached skill level 5 in Axes
  3917 | D:5      | Entered Level 5 of the Dungeon
  3947 | D:5      | Noticed Blork the orc
  3967 | D:5      | Killed Blork the orc
  4082 | D:5      | Identified the +0 leather armour of Indomitability {Rampage
                  | rPois Dex-3 Slay+4}
  4130 | D:5      | Reached XP level 8. HP: 54/70 MP: 8/8
  4193 | D:5      | Found a runed translucent door.
  4194 | D:5      | Noticed Crazy Yiuf
  4239 | D:5      | Found a sparkling altar of Nemelex Xobeh.
  4417 | D:5      | Found a staircase to the Ecumenical Temple.
  4497 | Temple   | Entered the Ecumenical Temple
  4682 | D:5      | Found a white marble altar of Elyvilon.
  4683 | D:5      | Found a glowing silver altar of Zin.
  4684 | D:5      | Found an opulent altar of Gozag.
  4685 | D:5      | Found a hazy altar of Hepliaklqana.
  4758 | D:5      | Noticed Ijyb
  4770 | D:5      | Killed Ijyb
  5362 | D:6      | Reached XP level 9. HP: 76/78 MP: 9/9
  5566 | D:6      | Found a snail-covered altar of Cheibriados.
  6268 | D:6      | Reached skill level 5 in Evocations
  6405 | D:7      | Found a glowing golden altar of the Shining One.
  6449 | D:7      | Identified the +0 mace of Yrinorch {heavy, Will+ Dex+6}
  6741 | D:8      | Found Cybbas's Antique Weapon Emporium.
  7243 | D:8      | Noticed a two-headed ogre
  7260 | D:8      | Slain by an orc wizard

Illustrated notes

Levels and vault maps discovered:
D:1:      amcnicky_arrival_underground_garden, layout_loops_ring,
          nicolae_ecumenical_lake_church
D:2:      layout_basic, serial_shops, nicolae_shop_tiny_real_fake_doors,
          basic_altar, uniq_terence
D:3:      layout_loops_ring, tgw_kikubaaqudgha, fiery_altar_vehumet,
          patterned_corridor, uniq_robin
D:4:      minmay_chambers_of_twos, layout_loops_ring, uniq_menkaure
D:5:      layout_loops_ring, nemelex_dance_club_becter,
          mainiacjoe_overflow_alcove_3, minmay_temple_entry_glassed_door,
          st_stairs_1, kennysheep_small_square, uniq_crazy_yiuf_cottage,
          uniq_blork_the_orc, uniq_ijyb
D:6:      layout_loops_cross, slow_altar_1
D:7:      layout_cave_pools, tso_oasis_becter
D:8:      layout_rooms, serial_shops, nicolae_shop_overgrown_old_shop,
          chequers_serial_rivers_small_b
Temple:   hellmonk_temple_flake

Skill      XL: |  1  2  3  4  5  6  7  8  9 |
---------------+----------------------------+-----
Axes           | 3 4 5 6 8 |  8.4
Fighting       | 4 5 6 8 |  8.1
Armour         | 4 5 6 8 |  8.0
Shields        | 4 5 6 8 |  8.0
Evocations     | 1 2 4 5 |  5.0

Action                     |  1- 3 |  4- 6 |  7- 9 || total
---------------------------+-------+-------+-------++-------
  Melee: War axe           |    52 |   219 |   466 ||   737
  Throw: Dart              |       |     2 |       ||     2
    Use: Scroll            |       |     3 |       ||     3
         Potion            |       |     1 |     3 ||     4
 Armour: Scale mail        |    29 |       |       ||    29
         Chain mail        |    13 |   165 |   379 ||   557
  Dodge: Dodged            |    25 |    86 |   194 ||   305
  Block: Buckler           |     9 |    42 |   274 ||   325

Table legend: (Time is in decaauts)
 A = Elapsed time spent in this place.
 B = Non-inter-level travel time spent in this place.
 C = Inter-level travel time spent in this place.
 D = Time resting spent in this place.
 E = Time spent auto-exploring this place.
 F = Levels seen in this place.
 G = Mean time per level.
                   A        B        C        D        E       F      G
               +--------+--------+--------+--------+--------+-----+--------+
         Total |   7467 |   7105 |    362 |    741 |   4389 |   9 |  829.7 |
       Dungeon |   7465 |   7103 |    362 |    741 |   4389 |   8 |  933.1 |
        Temple |      1 |      1 |      0 |      0 |      0 |   1 |    1.0 |
               +--------+--------+--------+--------+--------+-----+--------+

Top non-repeatable levels by time:
     D:2: 1209 daAuts
     D:5: 1182 daAuts
     D:3: 1127 daAuts
     D:4: 1105 daAuts
     D:6: 1103 daAuts
     D:7: 697 daAuts
     D:1: 617 daAuts
     D:8: 423 daAuts
  Temple: 1 daAuts
